 Dungeon Crawl Stone Soup version 0.29-a0-341-g24ffce5b50 (webtiles) character file.

Game seed: 7672471196976244228

29 spiderkeys the Skirmisher (level 3, 0/31 HPs)
             Began as a Ghoul Abyssal Knight on Apr 21, 2022.
             Was a Believer of Lugonu.
             Slain by a ball python (1 damage)
             ... on level 2 of the Dungeon.
             The game lasted 00:01:16 (1290 turns).

spiderkeys the Skirmisher (Ghoul Abyssal Knight)    Turns: 1290, Time: 00:01:16

Health: 0/31       AC:  3    Str: 18    XL:     3   Next: 16%
Magic:  3/3        EV: 11    Int:  5    God:    Lugonu [**....]
Gold:   55         SH:  0    Dex:  9    Spells: 2/2 levels left

rFire   . . .      SeeInvis .   d - +0 whip (distort)
rCold   + . .      Faith    .   (no shield)
rNeg    + + +      Spirit   .   b - +0 leather armour
rPois   ∞          Reflect  .   (no helmet)
rElec   .          Harm     .   (no cloak)
rCorr   .          Rampage  .   (no gloves)
Will    .....                   (no boots)
Stlth   +.........              (no amulet)
HPRegen 0.00/turn               (no ring)
MPRegen 0.08/turn               (no ring)

@: inhibited regen, invisible
A: claws 1, cold resistance 1, negative energy resistance 3, inhibited
regeneration, torment resistance 2, devour on kill
a: Renounce Religion, Depart the Abyss, Bend Space


You were on level 2 of the Dungeon.
You worshipped Lugonu.
Lugonu was pleased with you.
You visited 1 branch of the dungeon, and saw 2 of its levels.
You visited the Abyss 1 time.

You collected 55 gold pieces.


Innate Abilities, Weirdness & Mutations

You are immune to poison.
You have sharp fingernails.
Your flesh is cold resistant. (rC+)
You are immune to negative energy. (rN+++)
You do not regenerate when monsters are visible.
You are immune to unholy pain and torment.
You thrive by killing the living.


   Skills:
 + Level 3.6 Fighting
 + Level 2.2 Axes
 + Level 2.2 Armour
 - Level 1.0 Dodging
 + Level 2.4 Invocations


You had 2 spell levels left.
You didn't know any spells.
Your spell library was empty.

Inventory:

Hand Weapons
 a - a +1 hand axe
 d - a +0 whip of distortion (weapon)
   (You took it off a kobold on level 1 of the Dungeon)
 i - a +3 mace of protection
   (You found it on level 1 of the Dungeon)
Missiles
 c - 25 stones
Armour
 b - a +0 leather armour (worn)
 f - a +0 robe
   (You found it on level 1 of the Dungeon)
 h - a +0 leather armour
   (You found it on level 1 of the Dungeon)
Scrolls
 g - a scroll of fog {unknown}

Dungeon Overview and Level Annotations

Branches:
Dungeon (2/15)

Altars:

#......
..... .
....# .$
...# ...
...##$...
##......#
###.w....#
#[.Sr#
#...@#
#....#
#..<.#
#....#
#....#
######


You could see a worm (can't see you), a ball python (can't see you) and a rat
(can't see you).


Message History

There is an open door here.
Found a glowing mace.
You see here a +3 mace of protection.
Key pressed, stopping explore.
Done exploring.
Done exploring.
You see here a +3 mace of protection.
i - a +3 mace of protection You open the door.
There is an open door here.
A hobgoblin comes into view.
You can't go down here!
The hobgoblin shouts!
The hobgoblin throws a stone.
The stone barely misses you.
The hobgoblin throws a stone.
The stone misses you.
You barely miss the hobgoblin. The hobgoblin misses you.
You hit the hobgoblin.
Space warps around the hobgoblin.
You kill the hobgoblin!
Lugonu accepts your kill.
No target in view!
No target in view!
No target in view!
c - 25 stones (gained 23) Done exploring.
Done exploring.
There is a stone staircase leading down here.
You climb downwards.
There is a stone staircase leading up here.
A rat comes into view.
The rat moves out of view.
A rat is nearby!
An adder and a worm come into view.
The adder hisses angrily.
A ball python comes into view.
The ball python hisses angrily.
The rat barely misses you.
You barely miss the rat. The rat bites you but does no damage.
You barely miss the rat. The rat closely misses you.
You closely miss the adder. The adder bites you.
The rat barely misses you. 😕 HP[-1]
You take 1 damage, and now have 25/26 hp.
You hit the adder but do no damage.
The adder blinks!
The rat bites you. 😕 HP[-1]
You take 1 damage, and now have 24/26 hp.
You closely miss the ball python.
The ball python bites you but does no damage.
The ball python barely misses you. The adder bites you.
The rat barely misses you. 😕 HP[-2]
You take 2 damage, and now have 22/26 hp.
You closely miss the adder. The ball python barely misses you.
The ball python grabs you. The ball python constricts you. The adder bites you.
The rat barely misses you. 😕 HP[-2]
You take 2 damage, and now have 20/26 hp.
Unknown command.
You miss the adder. The adder bites you. The ball python barely misses you.
The ball python constricts you. The rat barely misses you. 😮 HP[-3]
You take 3 damage, and now have 17/26 hp.
You hit the adder.
Space warps horribly around the adder!
The adder bites you but does no damage.
The ball python bites you but does no damage.
The ball python constricts you. The adder barely misses you. The rat bites you.
The ball python barely misses you. The ball python constricts you.
* * * LOW HITPOINT WARNING * * *
The worm bites you!
* * * LOW HITPOINT WARNING * * *
😱 HP[-13]
You take 13 damage, and now have 4/26 hp.
MASSIVE DAMAGE!! (PAUSE)
You hit the adder.
Space warps around the adder.
You kill the adder!
Lugonu accepts your kill. The rat bites you but does no damage.
The ball python bites you but does no damage.
The ball python constricts you.
You have reached level 3!
Your experience leads to an increase in your attributes!
Increase (S)trength, (I)ntelligence, or (D)exterity?
You feel stronger. x2 😱 HP[+1] MP[+1]
You now have 31 max hp (+5).
Your mp is fully restored (3).
The ball python's grasp on you weakens, but your attempt to escape fails.
The ball python barely misses you. The ball python constricts you.
* * * LOW HITPOINT WARNING * * *
The rat bites you but does no damage. The worm closely misses you. 😱 HP[-1]
You take 1 damage, and now have 4/31 hp.
You escape the ball python's grasp.
You closely miss the ball python. The rat closely misses you.
The ball python bites you.
* * * LOW HITPOINT WARNING * * *
The ball python closely misses you. 😱 HP[-3]
You take 3 damage, and now have 1/31 hp.
It was a potion of invisibility.
You fade into invisibility!
The ball python bites you.
You die...

Skill      XL: |  1  2 |
---------------+-------+-----
Dodging        | 1 |  1.0
Axes           | 2 |  2.2
Armour         | 2 |  2.2
Fighting       | |  3.6
Invocations    | |  2.4

Action                   || total
-------------------------++-------
Melee: Hand axe          ||    22
       Whip              ||    27
  Use: Potion            ||     1
Armor: Leather armour    ||    20
Dodge: Dodged            ||    35

Levels and vault maps discovered:
D:1:      dpeg_arrival_arbitrary_c, layout_basic, hangedman_abyss_or_decor_stabs
D:2:      layout_rooms, basic_ecumenical_altar, chequers_serial_rivers_room_a,
          uniq_robin

Notes
Turn   | Place    | Note
-------+----------+-------------------------------------------
     0 | Abyss:1  | spiderkeys the Ghoul Abyssal Knight began the quest for the
                  | Orb.
     0 | Abyss:1  | Reached XP level 1. HP: 19/19 MP: 1/1
     0 | Abyss:1  | magus.rc [v1.11.3]
     9 | D:1      | You pass through the gate.
     9 | D:1      | Escaped the Abyss
   307 | D:1      | Reached skill level 1 in Dodging
   485 | D:1      | Reached XP level 2. HP: 26/26 MP: 2/2
   520 | D:1      | Reached skill level 2 in Axes
   520 | D:1      | Reached skill level 2 in Armour
  1285 | D:2      | HP: 4/26 [worm (9)]
  1287 | D:2      | Reached XP level 3. HP: 5/31 MP: 3/3
  1289 | D:2      | HP: 1/31 [ball python (3)]
  1290 | D:2      | Slain by a ball python

Vanquished Creatures
  An adder (D:2)
  4 ball pythons (D:1)
  An endoplasm (D:1)
  A giant cockroach (D:1)
  A hobgoblin (D:1)
  2 jackals (D:1)
  A quokka (D:1)
  A frilled lizard (D:1)
  3 kobolds (D:1)
  3 rats (D:1)
18 creatures vanquished.

Table legend:
 A = Non-vault XP
 B = Vault XP
 C = Vault XP percentage of total XP
 D = Non-vault monster count
 E = Vault monster count
 F = Vault count percentage of total count
                 A         B        C        D         E       F
            +---------+---------+-------+---------+---------+-------
      Total |      42 |       0 |   0.0 |      19 |       0 |   0.0
            +---------+---------+-------+---------+---------+-------
        D:1 |      28 |       0 |   0.0 |      18 |       0 |   0.0
        D:2 |      14 |       0 |   0.0 |       1 |       0 |   0.0
            +---------+---------+-------+---------+---------+-------

Illustrated notes

Table legend:
 A = Kills in this place as a percentage of kills in entire the game.
 B = Kills by you in this place as a percentage of kills by you in the entire game.
 C = Kills by friends in this place as a percentage of kills by friends in the entire game.
 D = Other kills in this place as a percentage of other kills in the entire game.
 E = Experience gained in this place as a percentage of experience gained in the entire game.
 F = Experience gained in this place divided by the number of levels of this place that you have seen.
                   A       B       C       D       E      F
               +-------+-------+-------+-------+-------+----------------------
         Total | 100.0 | 100.0 |   N/A | 100.0 | 100.0 |  14.0
       Dungeon | 100.0 | 100.0 |   N/A | 100.0 | 100.0 |  21.0
               +-------+-------+-------+-------+-------+----------------------

Table legend: (Time is in decaauts)
 A = Elapsed time spent in this place.
 B = Non-inter-level travel time spent in this place.
 C = Inter-level travel time spent in this place.
 D = Time resting spent in this place.
 E = Time spent auto-exploring this place.
 F = Levels seen in this place.
 G = Mean time per level.
                   A        B        C        D        E       F      G
               +--------+--------+--------+--------+--------+-----+--------+
         Total |   1295 |   1238 |     57 |      0 |   1083 |   3 |  431.7 |
       Dungeon |   1286 |   1229 |     57 |      0 |   1080 |   2 |  643.0 |
         Abyss |      9 |      9 |      0 |      0 |      3 |   1 |    9.0 |
               +--------+--------+--------+--------+--------+-----+--------+

Top non-repeatable levels by time:
     D:1: 1267 daAuts
     D:2: 18 daAuts
 Abyss:1: 9 daAuts
